 Dungeon Crawl Stone Soup version 0.30-a0-964-gd452b5e7fa (webtiles) character file.

Game seed: 3141833365057418475

8 vishdafish the Conjurer (level 2, 19/19 HPs)
             Began as a Demonspawn Conjurer on Mar 31, 2023.
             Quit the game on level 1 of the Dungeon.
             The game lasted 00:00:24 (551 turns).

vishdafish the Conjurer (Demonspawn Conjurer)        Turns: 551, Time: 00:00:24

Health: 19/19      AC:  2    Str:  7    XL:     2   Next: 0%
Magic:  5/5        EV: 12    Int: 19    God:
Gold:   40         SH:  0    Dex: 11    Spells: 4/5 levels left

rFire   . . .      SeeInvis .    (no weapon)
rCold   . . .      Faith    .    (no shield)
rNeg    . . .      Spirit   .    a - +0 robe
rPois   .          Reflect  .    (no helmet)
rElec   .          Rampage  .    (no cloak)
rCorr   .                        (no gloves)
Will    .....                    (no boots)
Stlth   ++                       (no amulet)
HPRegen 0.23/turn                (no ring)
MPRegen 0.09/turn                (no ring)

@: no status effects
A: demonic guardian 1
a: no special abilities


You were on level 1 of the Dungeon.
You visited 1 branch of the dungeon, and saw 1 of its levels.

You collected 40 gold pieces.

Inventory:

Armour
 a - a +0 robe (worn)
Scrolls
 b - a scroll of blinking {unknown}
 f - a scroll of identify {unknown}
Potions
 c - a potion of curing {unknown}
 d - a potion of haste {unknown}
 e - a potion of heal wounds {unknown}


   Skills:
 - Level 1.7 Dodging
 - Level 1.7 Stealth
 + Level 2.3 Spellcasting
 + Level 4.2 Conjurations


You had 4 spell levels left.
You knew the following spells:

 Your Spells              Type           Power      Damage    Failure   Level
a - Magic Dart            Conj           72%        1d6       3%          1

Your spell library contained the following spells:

 Spells                   Type           Power      Damage    Failure   Level
 Searing Ray              Conj           36%        2d5       4%          2
 Dazzling Flash           Conj/Hex       20%        N/A       21%         3
 Fulminant Prism          Conj/Hex       5%         3d7       56%         4
 Iskenderun's Mystic Bla  Conj/Tloc      10%        2d4       56%         4


Dungeon Overview and Level Annotations

Branches:
Dungeon (1/15)

Altars:


Innate Abilities, Weirdness & Mutations

A weak demonic guardian rushes to your aid.


Message History

A bat is nearby!
A bat is nearby!
The magic dart hits the bat but does no damage.
The magic dart hits the bat.
You kill the bat!
You can't see any susceptible monsters within range! (Use Z to cast anyway.)
A goblin comes into view. It is wielding a +0 club.
A goblin is nearby!
A goblin is nearby!
The magic dart hits the goblin.
The goblin is severely wounded.
The goblin shouts!
The magic dart hits the goblin.
You kill the goblin!
You can't see any susceptible monsters within range! (Use Z to cast anyway.)
You can't see any susceptible monsters within range! (Use Z to cast anyway.)
You see here a +0 club.
A frilled lizard comes into view.
A frilled lizard is nearby!
A frilled lizard is nearby!
The magic dart hits the frilled lizard.
You kill the frilled lizard!
You can't see any susceptible monsters within range! (Use Z to cast anyway.)
You can't see any susceptible monsters within range! (Use Z to cast anyway.)
There is a stone staircase leading down here.
A goblin comes into view. It is wielding a +0 dagger.
The goblin shouts!
A goblin is nearby!
A goblin is nearby!
The magic dart hits the goblin.
The goblin is moderately wounded.
The magic dart hits the goblin.
The goblin is severely wounded.
The magic dart hits the goblin.
You kill the goblin!
You have reached level 2!
Your demonic ancestry asserts itself...
You feel the presence of a demonic guardian.
b - a scroll labelled OQALOD FUSCHE Are you sure you want to abandon this character and quit the game? (Confirm with "yes".)

## ####### #.# ..#.... #.#
#.#.### #.. #.#.# #.# #.#.#
#.# #)#.###
#######.##########.#....
........................
.....#@##..######.#.###
###### #.###..#####.#.# #
#....# #..............# #
#.##.#.######.#####.### #
#.#..#........#####.# #
#########.#.#########.##....#
#
.......[..#................##
#
####..#####..########..#.#.#
# ##.# #..#...........#.# #


There were no monsters in sight!

Vanquished Creatures
  2 bats (D:1)
  2 goblins (D:1)
  A quokka (D:1)
  2 frilled lizards (D:1)
  A rat (D:1)
8 creatures vanquished.

Notes
Turn   | Place    | Note
-------+----------+-------------------------------------------
     0 | D:1      | vishdafish the Demonspawn Conjurer began the quest for the
                  | Orb.
     0 | D:1      | Reached XP level 1. HP: 13/13 MP: 3/3
   476 | D:1      | Gained mutation: A weak demonic guardian rushes to your
                  | aid. [demonic ancestry]
   476 | D:1      | Reached XP level 2. HP: 19/19 MP: 0/5
   551 | D:1      | Quit the game

Illustrated notes

Levels and vault maps discovered:
D:1:      dpeg_arrival_tiny_k, layout_basic, minmay_misc_feat_four_crosses,
          eino_curves_01

Action                     || total
---------------------------++-------
  Melee: Unarmed           ||     8
   Cast: Magic Dart        ||    16
    Use: Potion            ||     1
 Armour: Robe              ||     2
  Dodge: Dodged            ||    12

Table legend: (Time is in decaauts)
 A = Elapsed time spent in this place.
 B = Non-inter-level travel time spent in this place.
 C = Inter-level travel time spent in this place.
 D = Time resting spent in this place.
 E = Time spent auto-exploring this place.
 F = Levels seen in this place.
 G = Mean time per level.
                   A        B        C        D        E       F      G
               +--------+--------+--------+--------+--------+-----+--------+
         Total |    551 |    551 |      0 |      0 |    502 |   1 |  551.0 |
       Dungeon |    551 |    551 |      0 |      0 |    502 |   1 |  551.0 |
               +--------+--------+--------+--------+--------+-----+--------+

Top non-repeatable levels by time:
     D:1: 551 daAuts
